 Dungeon Crawl Stone Soup version 0.27.1-33-g824d729ab1 (webtiles) character file.

Game seed: 15302761795596210371

440 Thatpatchoflichen the Shooter (level 6, -1/32 HPs)
             Began as a Spriggan Hunter on Nov 27, 2021.
             Was an Initiate of Okawaru.
             Slain by a killer bee (6 damage)
             ... on level 4 of the Dungeon on Nov 28, 2021.
             The game lasted 00:21:24 (5249 turns).

Thatpatchoflichen the Shooter (Spriggan Hunter)     Turns: 5249, Time: 00:21:25

Health: -1/32      AC:  2    Str:  8    XL:     6   Next: 70%
Magic:  7/7        EV: 19    Int: 13    God:    Okawaru [......]
Gold:   252        SH:  0    Dex: 17    Spells: 4/5 levels left

rFire    . . .     SeeInvis +   a - +1 shortbow
rCold    . . .     Faith    .   (shield currently unavailable)
rNeg     . . .     Spirit   .   c - +0 robe
rPois    .         Reflect  .   (helmet restricted)
rElec    .         Harm     .   (no cloak)
rCorr    .         Rampage  .   (gloves unavailable)
Will     +....                  (boots unavailable)
Stlth    ++........             (no amulet)
HPRegen  0.10/turn              (no ring)
MPRegen  0.10/turn              (no ring)

@: lethally poisoned (-1 -> -7), very quick
A: very small, no large weapons, unfitting armour, see invisible, speed 3
a: Renounce Religion


You were on level 4 of the Dungeon.
You worshipped Okawaru.
Okawaru was noncommittal.
You visited 2 branches of the dungeon, and saw 6 of its levels.

You collected 252 gold pieces.

Inventory:

Hand Weapons
 a - a +1 shortbow (weapon)
 b - a +0 short sword
Missiles
 d - 20 arrows (quivered ammo)
Armour
 c - a +0 robe (worn)
 j - a +0 ring mail
Scrolls
 f - 3 scrolls of blinking {unknown}
 g - 8 scrolls of identify {unknown}
 i - a scroll of vulnerability {unknown}
 k - a scroll of fog {unknown}
 m - a scroll of fear {unknown}
 o - a scroll of magic mapping {unknown}
 p - 3 scrolls of amnesia {unknown}
Potions
 e - a potion of curing
 h - a potion of degeneration {unknown}
 l - a potion of attraction {unknown}
 n - a potion of resistance {unknown}


   Skills:
 + Level 3.3 Fighting
 - Level 2.0 Short Blades
 - Level 6.2 Bows
 + Level 5.3 Dodging
 - Level 3.0 Stealth
 * Level 2.1 Hexes


You had 4 spell levels left.
You knew the following spells:

 Your Spells              Type           Power      Damage    Failure   Level
a - Corona                Hex            5%         N/A       13%         1

Your spell library contained the following spells:

 Spells                   Type           Power      Damage    Failure   Level
 Animate Skeleton         Necr           0%         N/A       30%         1
 Apportation              Tloc           0%         N/A       30%         1
 Summon Small Mammal      Summ           0%         N/A       30%         1


Dungeon Overview and Level Annotations

Branches:
Dungeon (5/15)             Temple (1/1) D:4

Altars:
Cheibriados
Dithmenos
Fedhas
Hepliaklqana
Makhleb
Nemelex Xobeh
Okawaru
Qazlal
Sif Muna
Trog
Vehumet
Wu Jian
Xom
Zin
The Shining One

Shops:
D:1 :

Annotations:
D:5 Edmund


Innate Abilities, Weirdness & Mutations

You are very small and have problems with some larger weapons.
You are too small for most types of armour.
You have supernaturally acute eyesight. (SInv)
You cover ground extremely quickly. (Speed+++)


Message History

The killer bee completely misses you. The killer bee misses you.
You miss the killer bee.
The killer bee is heavily wounded.
The killer bee completely misses you. The killer bee misses you.
You hit the killer bee.
The killer bee is heavily wounded.
The killer bee stings you.
* * * LOW HITPOINT WARNING * * *
The killer bee completely misses you.
a - a +1 shortbow (weapon)
The killer bee misses you.
It was a potion of curing.
You feel better. The killer bee misses you. The killer bee barely misses you.
Fire: 23 arrows
Press: ? - help, Q - select action, (/) - cycle Shift-Dir - straight line, f - killer bee
Aim: a killer bee (heavily wounded, 40% to hit)
You shoot an arrow. The arrow barely misses the killer bee.
The killer bee completely misses you. The killer bee closely misses you.
Fire: 22 arrows
Press: ? - help, Q - select action, (/) - cycle Shift-Dir - straight line, f/p - killer bee
Aim: a killer bee (heavily wounded, 40% to hit)
You shoot an arrow.
The arrow closely misses the killer bee.
The killer bee closely misses you. The killer bee misses you.
Fire: 21 arrows
Press: ? - help, Q - select action, (/) - cycle Shift-Dir - straight line, f/p - killer bee
Aim: a killer bee (heavily wounded, 40% to hit)
You shoot an arrow. The arrow misses the killer bee.
The killer bee barely misses you. The killer bee stings you!
* * * LOW HITPOINT WARNING * * *
You are lethally poisoned!
The killer bee poisons you!
You feel better. The killer bee misses you. The killer bee closely misses you.
The killer bee closely misses you. The killer bee stings you!
* * * LOW HITPOINT WARNING * * *
You are lethally poisoned!
The killer bee poisons you! The killer bee stings you.
You die...

#...........8.8.8.########.###
#........)...⌠.⌠...###...†....
#...........8.>.8....#........
#............⌠.⌠.....#........
#...........8.8.8....#........
#..................###........
#................(.'.'........
#...........#.....>###........
#...........#@.....# #).......
#...........#.y....# #........
#############......# #..[.....
#......# #........ #......#
#........ #......# #########
#......# #......# ########


You could see a killer bee.

Vanquished Creatures
  A killer bee (D:4)
  2 orc priests (D:5)
  Natasha (thrice) (D:3)
  2 orc wizards
  9 gnolls
  3 adders
  2 worms
  5 dart slugs
  6 orcs
  2 bats
  7 endoplasms
  3 giant cockroaches
  6 goblins
  10 hobgoblins
  3 jackals (D:1)
  2 kobolds
  A quokka (D:1)
  5 ball pythons
  12 frilled lizards
  6 rats
90 creatures vanquished.

Vanquished Creatures (others)
  7 plants (D:1)
7 creatures vanquished.

Grand Total: 97 creatures vanquished

Notes
Turn   | Place    | Note
-------+----------+-------------------------------------------
     0 | D:1      | Thatpatchoflichen the Spriggan Hunter began the quest for
                  | the Orb.
     0 | D:1      | Reached XP level 1. HP: 10/10 MP: 2/2
    35 | D:1      | Reached skill level 5 in Bows
    73 | D:1      | Reached XP level 2. HP: 15/15 MP: 3/3
   261 | D:1      | Reached XP level 3. HP: 3/18 MP: 4/4
   575 | D:1      | Found Pekuepah's Book Emporium.
   807 | D:1      | Reached skill level 6 in Bows
  1129 | D:1      | Reached skill level 1 in Short Blades
  1977 | D:2      | Reached XP level 4. HP: 23/23 MP: 5/5
  2516 | D:3      | Noticed Natasha
  2521 | D:3      | Killed Natasha
  2584 | D:3      | Noticed Natasha
  2586 | D:3      | Killed Natasha
  2681 | D:3      | Noticed Natasha
  2695 | D:3      | Killed Natasha
  2696 | D:3      | Reached XP level 5. HP: 18/27 MP: 6/6
  4189 | D:4      | Reached XP level 6. HP: 32/32 MP: 7/7
  4255 | D:4      | Found a staircase to the Ecumenical Temple.
  4267 | Temple   | Entered the Ecumenical Temple
  4284 | Temple   | Became a worshipper of Warmaster Okawaru
  4669 | D:5      | Entered Level 5 of the Dungeon
  4672 | D:5      | Reached skill level 5 in Dodging
  4672 | D:5      | Reached skill level 1 in Hexes
  4829 | D:4      | Learned a level 1 spell: Corona
  4875 | D:5      | Identified the +8 chain mail of Tudior {rF+ Will+ rCorr
                  | Stlth-}
  4971 | D:5      | Noticed Edmund
  5249 | D:4      | Slain by a killer bee

Illustrated notes

Levels and vault maps discovered:
D:1:      eino_arrival_cavern_b, layout_basic, serial_shops, shop,
          minmay_lizard_king
D:2:      layout_basic
D:3:      layout_basic, uniq_natasha
D:4:      layout_basic, minmay_temple_entry_statues_fountains
D:5:      layout_rooms, chequers_serial_rivers_marsh, kennysheep_minor_cross,
          uniq_edmund
Temple:   regret_index_temple_waves

Skill      XL: |  1  2  3  4  5  6 |
---------------+-------------------+-----
Bows           | 5 6 |  6.2
Fighting       | 2 3 |  3.3
Short Blades   | 1 2 |  2.0
Dodging        | 3 4 5 |  5.3
Stealth        | 2 3 |  3.0
Hexes          | 2 |  2.1

Action                   |  1- 3 |  4- 6 || total
-------------------------+-------+-------++-------
Melee: Short sword       |    55 |    47 ||   102
 Fire: Shortbow          |    63 |   188 ||   251
Throw: Throwing net      |       |     1 ||     1
  Use: Potion            |       |     2 ||     2
 Stab: Sleeping          |     1 |       ||     1
       Held in net/web   |       |     1 ||     1
Armor: Robe              |     7 |     2 ||     9
Dodge: Dodged            |    50 |    99 ||   149
